 Dungeon Crawl Stone Soup version 0.29-a0-194-g6e3aafee17 (webtiles) character file.

Game seed: 8135475249462927153

92 Zeldest the Skirmisher (level 4, 0/37 HPs)
             Began as a Mummy Chaos Knight on Feb 22, 2022.
             Was a Plaything of Xom.
             Slain by an orc
             ... wielding a +2 war axe of venom
              (8 damage)
             ... on level 3 of the Dungeon.
             The game lasted 00:02:00 (2300 turns).

Zeldest the Skirmisher (Mummy Chaos Knight)         Turns: 2300, Time: 00:02:00

Health: 0/37       AC:  9    Str: 17    XL:     4   Next: 35%
Magic:  4/4        EV:  7    Int: 11    God:    Xom [...*..]
Gold:   132        SH:  7    Dex: 11    Spells: 3/3 levels left

rFire   x . .      SeeInvis .   a - +0 hand axe (chaos)
rCold   + + .      Faith    .   c - +0 kite shield
rNeg    + + +      Spirit   .   g - +1 scale mail {rC+}
rPois   ∞          Reflect  .   (no helmet)
rElec   .          Harm     .   i - +1 cloak
rCorr   .          Rampage  .   (no gloves)
Will    .....                   (no boots)
Stlth   ..........              (no amulet)
HPRegen 0.12/turn               (no ring)
MPRegen 0.09/turn               (no ring)

@: no status effects
A: cold resistance 1, negative energy resistance 3, torment resistance 2, heat
vulnerability 1, no potions
a: Renounce Religion


You were on level 3 of the Dungeon.
You worshipped Xom.
You were a favourite toy of Xom.
You visited 1 branch of the dungeon, and saw 3 of its levels.

You collected 132 gold pieces.

Inventory:

Hand Weapons
 a - a +0 hand axe of chaos (weapon)
Armour
 b - a +2 leather armour
 c - a +0 kite shield (worn)
 g - a +1 scale mail of cold resistance (worn)
 i - a +1 cloak (worn)
Scrolls
 d - a scroll of magic mapping {unknown}
 e - a scroll of blinking {unknown}
 f - a scroll of identify {unknown}
 h - a scroll of teleportation {unknown}


   Skills:
 + Level 3.6 Fighting
 + Level 3.2 Axes
 + Level 2.2 Armour
 - Level 0.7 Dodging
 + Level 1.0 Shields


You had 3 spell levels left.
You didn't know any spells.
Your spell library contained the following spells:

 Spells                   Type           Power      Damage    Failure   Level
 Summon Ice Beast         Ice/Summ       0%         N/A       100%        4
 Summon Mana Viper        Hex/Summ       0%         N/A       100%        5
 Monstrous Menagerie      Summ           0%         N/A       100%        7


Dungeon Overview and Level Annotations

Branches:
Dungeon (3/15)

Altars:


Innate Abilities, Weirdness & Mutations

You are immune to poison.
Your flesh is cold resistant. (rC+)
You are immune to negative energy. (rN+++)
You are immune to unholy pain and torment.
You are vulnerable to heat. (rF-)
You do not drink.


Message History

There are monsters nearby!
The orc priest hits you from afar with a +0 trident.
The orc priest hits you but does no damage.
There are monsters nearby!
You slash the orc priest! You burn the orc priest.
The orc priest is heavily wounded.
The orc priest completely misses you.
You slash the orc priest!
The orc priest flickers and vanishes!
Deactivating autopickup; reactivate with Ctrl-A.
Xom is highly amused!
Something hits you.
You hit the orc.
The orc seems to slow down.
The orc is lightly wounded.
The orc is no longer moving slowly.
Something completely misses you.
You hit the orc. You freeze the orc.
The orc is severely wounded.
The orc barely misses you.
You hear something invoke the aid of Beogh against the orc.
The orc's wounds heal themselves!
You completely miss the orc. The orc hits you but does no damage.
You block something's attack. The orc barely misses you.
You hear some strange, mumbled prayers to Beogh.
You barely miss the orc. Something hits you. You block the orc's attack.
You hit the orc. You freeze the orc.
The orc is heavily wounded.
Something hits you.
The orc hits you with a +2 war axe of venom!
You emit a cloud of colourful smoke!
You closely miss the orc.
The orc is heavily wounded.
The orc hits you but does no damage.
You hear some strange, mumbled prayers to Beogh.
You closely miss the orc.
The orc is heavily wounded.
You block the orc's attack.
You hear something call down the wrath of Beogh upon you.
Beogh smites you!
* * * LOW HITPOINT WARNING * * *
The orc hits you with a +2 war axe of venom!
You die...

##...))## .. ##...## #
##.## #.# # ##.# ####
.## ###..# #.. ...
....## #§# ..
##..###########§##K#.##
#............§§@oo...#
##.#########.####{....#
#.# #.# #......# #.#
#.# #.. ...# #.# #.#
#.# .## #.# #.# #o# #
#.# #.# #o# #.. ##.#
#o# .#...##.#####..


You could see 2 orcs and a kobold.

Vanquished Creatures
  Crazy Yiuf (D:2)
  A dart slug (D:2)
  5 bats
  11 endoplasms
  2 hobgoblins
  10 jackals
  4 kobolds
  A quokka (D:2)
  5 ball pythons
  5 frilled lizards
  5 goblins
  6 rats
56 creatures vanquished.

Notes
Turn   | Place    | Note
-------+----------+-------------------------------------------
     0 | D:1      | Zeldest the Mummy Chaos Knight began the quest for the Orb.
     0 | D:1      | Reached XP level 1. HP: 18/18 MP: 1/1
    56 | D:1      | XOM: silly message
   164 | D:1      | Reached XP level 2. HP: 24/24 MP: 2/2
   680 | D:1      | Found a faded altar of an unknown god.
   689 | D:1      | Reached XP level 3. HP: 19/29 MP: 3/3
  1068 | D:2      | XOM: 2-stop teleportation journey
  1195 | D:2      | XOM: silly message
  1662 | D:2      | Found a runed translucent door.
  1663 | D:2      | Noticed Crazy Yiuf
  1938 | D:2      | Killed Crazy Yiuf
  1939 | D:2      | Reached XP level 4. HP: 36/36 MP: 4/4
  1963 | D:2      | XOM: noise
  2268 | D:3      | Reached skill level 1 in Shields
  2298 | D:3      | XOM: smoke on damage
  2300 | D:3      | Slain by an orc

Illustrated notes

Levels and vault maps discovered:
D:1:      minmay_arrival_plants_in_alcoves, layout_loops_ring,
          hellmonk_ecumenical_altar_inner_sanctum, minivault_23
D:2:      layout_basic, chequers_serial_rivers_large_a, uniq_crazy_yiuf_cottage
D:3:      layout_loops_ring, uniq_ijyb

Skill      XL: |  1  2  3  4 |
---------------+-------------+-----
Axes           | 3 |  3.2
Armour         | 2 |  2.2
Shields        | 1 |  1.0
Fighting       | |  3.6
Dodging        | |  0.7

Action                   |  1- 3 |  4- 6 || total
-------------------------+-------+-------++-------
Melee: Hand axe          |   132 |    28 ||   160
       Punch             |     2 |       ||     2
 Stab: Sleeping          |     1 |       ||     1
Armor: Leather armour    |    38 |       ||    38
       Scale mail        |    17 |    19 ||    36
Dodge: Dodged            |    62 |     9 ||    71
Block: Kite shield       |    30 |    11 ||    41

Table legend: (Time is in decaauts)
 A = Elapsed time spent in this place.
 B = Non-inter-level travel time spent in this place.
 C = Inter-level travel time spent in this place.
 D = Time resting spent in this place.
 E = Time spent auto-exploring this place.
 F = Levels seen in this place.
 G = Mean time per level.
                   A        B        C        D        E       F      G
               +--------+--------+--------+--------+--------+-----+--------+
         Total |   2351 |   2220 |    131 |    582 |   1236 |   3 |  783.7 |
       Dungeon |   2351 |   2220 |    131 |    582 |   1236 |   3 |  783.7 |
               +--------+--------+--------+--------+--------+-----+--------+

Top non-repeatable levels by time:
     D:2: 1195 daAuts
     D:1: 991 daAuts
     D:3: 165 daAuts
